 Dungeon Crawl Stone Soup version 0.32-a0-314-g526f7d4993 (webtiles) character file.

Game seed: 8514044540802250763

44 senseless the Chopper (level 3, -1/33 HPs)
             Began as a Mountain Dwarf Monk on Feb 15, 2024.
             Was a Believer of Okawaru.
             Slain by a ribbon worm (3 damage)
             ... on level 2 of the Dungeon.
             The game lasted 00:03:43 (1348 turns).

senseless the Chopper (Mountain Dwarf Monk)         Turns: 1348, Time: 00:03:44

Health: -1/33      AC:  6    Str: 15    XL:     3   Next: 39%
Magic:  3/3        EV:  9    Int: 10    God:    Okawaru [**....]
Gold:   47         SH:  0    Dex: 12    Spells: 2/2 levels left

rFire   . . .        a - +0 hand axe
rCold   . . .        d - orb {light}
rNeg    . . .        k - +0 scale mail
rPois   .            (no helmet)
rElec   .            (no cloak)
rCorr   .            (no gloves)
SInv    .            (no boots)
Will    .....        (no amulet) Stlth
                     (no ring)
HPRegen 0.25/turn    (no ring)
MPRegen 0.08/turn

%: no passive effects
@: glowing
A: runic magic, artefact enchanting
a: Renounce Religion, Heroism


You were on level 2 of the Dungeon.
You worshipped Okawaru.
Okawaru was pleased with you.
You visited 1 branch of the dungeon, and saw 2 of its levels.

You collected 47 gold pieces.

Inventory:

Hand Weapons
 a - a +0 hand axe (weapon)
Missiles
 n - 2 atropa-tipped darts (quivered)
Armour
 b - a +0 robe
 d - an orb of light (worn)
 k - a +0 scale mail (worn)
Scrolls
 e - a scroll of blinking {unknown}
 f - a scroll of poison {unknown}
 g - a scroll of identify {unknown}
 h - 2 scrolls of fog {unknown}
 i - a scroll of noise {unknown}
 m - a scroll of teleportation {unknown}
Potions
 c - a potion of ambrosia
 j - a potion of haste {unknown}
 l - a potion of curing


   Skills:
 + Level 3.8 Fighting
 + Level 4.2 Axes
 + Level 1.5 Armour
 - Level 2.1 Dodging
 + Level 1.1 Shields


You had 2 spell levels left.
You didn't know any spells.
Your spell library contained the following spells:

 Spells                   Type           Power      Damage    Failure   Level
 Magic Dart               Conj           0%         1d3       47%         1
 Slow                     Hex            0%         N/A       47%         1
 Blink                    Tloc           0%         N/A       63%         2
 Confusing Touch          Hex            0%         N/A       85%         3
 Dazzling Flash           Conj/Hex       0%         N/A       85%         3
 Hailstorm                Conj/Ice       0%         3d5       85%         3
 Mephitic Cloud           Conj/Alch/Air  0%         N/A       85%         3
 Sigil of Binding         Hex            0%         N/A       85%         3
 Vampiric Draining        Necr           0%         2d6       85%         3
 Curse of Agony           Necr           0%         N/A       100%        5
 Silence                  Hex/Air        0%         N/A       100%        5
 Call Imp                 Summ           Unusable   N/A       N/A         2
 Summon Ice Beast         Ice/Summ       Unusable   N/A       N/A         3
 Sculpt Simulacrum        Ice/Alch       Unusable   N/A       N/A         6

Dungeon Overview and Level Annotations

Branches:
Dungeon (2/15)

Altars:
Okawaru

Shops:
D:1 (*!:*

Annotations:
D:2 Sigmund


Innate Abilities, Weirdness & Mutations

Your spellcasting is much less encumbered by armour.
You can use scrolls of enchantment on lesser artefacts.


Message History

You are more poisoned.
The adder poisons you!
You are caught in a web!
You feel very sick. The ribbon worm bites you.
The adder bites you but does no damage.
You hit the adder.
You kill the adder!
Okawaru accepts your kill.
You hit the ribbon worm.
You feel very sick. The ribbon worm misses you.
Your Shields skill increases to level 1!
You hit the ribbon worm.
The ribbon worm is almost dead.
You feel sick. The ribbon worm bites you.
You hit the ribbon worm.
The ribbon worm is almost dead.
You feel sick.
A gnoll comes into view. It is wielding a +0 spear.
The gnoll hits you but does no damage. The gnoll closely misses you.
The ribbon worm bites you.
* * * LOW HITPOINT WARNING * * *
It was a potion of curing.
You feel better.
The gnoll shouts!
A gnoll comes into view. It is wielding a +0 halberd.
The gnoll closely misses you.
The gnoll shouts!
You hit the ribbon worm.
The ribbon worm is almost dead.
The ribbon worm expels a string of sticky webbing.
The stream of webbing misses you.
The gnoll hits you from afar with a +0 spear.
You completely miss the ribbon worm.
The ribbon worm is severely wounded.
The ribbon worm bites you.
* * * LOW HITPOINT WARNING * * *
The gnoll hits you from afar with a +0 spear.
* * * LOW HITPOINT WARNING * * *
The ribbon worm bites you.
You die...

##########.##### #.## ##+#
#..# ##...## ##.# ##.....##
###.# ##.......## ##.#.#
#.........####....#
'.........+.......##
#.g.gg.<@.####.....#
##.....w.## ##....#
..#.....## ##...# #.##...##
###.# ....##+# #.#
...#.##.# #.# .#.....#.#
#.# ......#.#...## #.#
..#.#.........###########.#


You could see a ribbon worm (catching breath) and 3 gnolls.

Vanquished Creatures
  An adder (D:2)
  A ribbon worm (D:2)
  A bat (D:1)
  An endoplasm (D:1)
  2 goblins
  4 hobgoblins
  4 ball pythons
  A frilled lizard (D:1)
  3 kobolds (D:1)
  A rat (D:1)
19 creatures vanquished.

Notes
Turn   | Place    | Note
-------+----------+-------------------------------------------
     0 | D:1      | senseless the Mountain Dwarf Monk began the quest for the
                  | Orb.
     0 | D:1      | Reached XP level 1. HP: 19/19 MP: 1/1
    75 | D:1      | Found Kecesm's Book Shoppe.
   128 | D:1      | Found Siczas's Weapon Shoppe.
   132 | D:1      | Found Polaf's Distillery.
   143 | D:1      | Found Xuisheg's Assorted Antiques.
   151 | D:1      | Reached XP level 2. HP: 26/26 MP: 2/2
   156 | D:1      | Reached skill level 1 in Armour
   266 | D:1      | Reached skill level 4 in Axes
   320 | D:1      | Found Sielav's General Store.
   616 | D:2      | Found a faded altar of an unknown god.
   635 | D:2      | Prayed at the altar of an unknown god.
   635 | D:2      | Became a worshipper of Warmaster Okawaru
   635 | D:2      | Reached * piety under Okawaru
   635 | D:2      | Reached ** piety under Okawaru
  1051 | D:2      | Reached XP level 3. HP: 33/33 MP: 3/3
  1117 | D:2      | Noticed Sigmund
  1343 | D:2      | Reached skill level 1 in Shields
  1348 | D:2      | Slain by a ribbon worm

Illustrated notes

Levels and vault maps discovered:
D:1:      amcnicky_arrival_single_pillar, layout_basic, serial_shops,
          nicolae_shop_waterfront, shop, shop, shop, shop
D:2:      layout_loops_corners, chequers_ecumenical_altar_simple,
          grunt_ministairs_13, nicolae_kite_square_tiling_tiny, uniq_sigmund

Skill      XL: |  1  2  3 |
---------------+----------+-----
Armour         | 1 |  1.5
Axes           | 4 |  4.2
Shields        | 1 |  1.1
Fighting       | |  3.8
Dodging        | |  2.1

Action                     || total
---------------------------++-------
  Melee: Hand axe          ||    62
    Use: Potion            ||     1
 Armour: Robe              ||    13
         Scale mail        ||    38
  Dodge: Dodged            ||    29

Table legend: (Time is in decaauts)
 A = Elapsed time spent in this place.
 B = Non-inter-level travel time spent in this place.
 C = Inter-level travel time spent in this place.
 D = Time resting spent in this place.
 E = Time spent auto-exploring this place.
 F = Levels seen in this place.
 G = Mean time per level.
                   A        B        C        D        E       F      G
               +--------+--------+--------+--------+--------+-----+--------+
         Total |   1356 |   1195 |    161 |    182 |    822 |   2 |  678.0 |
       Dungeon |   1356 |   1195 |    161 |    182 |    822 |   2 |  678.0 |
               +--------+--------+--------+--------+--------+-----+--------+

Top non-repeatable levels by time:
     D:1: 809 daAuts
     D:2: 546 daAuts
